Map: 애씨드 플랜트 - 래더

Players

SHSH

  • Race: Terran Terran
  • League: Diamond
  • Spawn Location: 5:00

solpl - Winner!

  • Race: Protoss Protoss
  • League: Diamond
  • Spawn Location: 11:00

VOD

Have the link to the VOD?

Description

Time

  • Played on: Feb. 4, 2018, 6:33 a.m.
  • Length: 8:07
Show
View Real Time Build Order
Export as new Build Order

SHSH Terran 

Build Orders: Liberator Opening 

Get SALT Encoding   

  12  0:00  SCV  
  13  0:13  SCV  
  14  0:17  Supply Depot  
  14  0:25  SCV  
  15  0:30  Refinery  
  15  0:38  SCV  
  16  0:45  Barracks  
  16  0:50  SCV  
  17  1:03  SCV  
  18  1:15  SCV  
  19  1:32  Orbital Command  
  19  1:33  Marine  
  20  1:47  Command Center  
  20  1:56  Marine  
  21  2:02  SCV  
  22  2:11  Bunker  
  22  2:14  Marine  
  22  2:15  Supply Depot  
  23  2:25  Factory  
  23  2:28  Refinery  
  23  2:33  Barracks Reactor  
  23  2:42  SCV  
  23  2:54  SCV  
  24  3:00  Orbital Command  
  24  3:06  SCV  
  24  3:10  Starport, Widow Mine  
  27  3:13  Marine  
  27  3:14  Marine  
  27  3:18  SCV  
  28  3:40  Marine x2  
  26  3:51  Cyclone  
  28  3:56  Liberator  
  28  4:09  Marine x2  
  30  4:18  SCV  
  30  4:20  Orbital Command  
  31  4:30  SCV  
  27  4:41  Cyclone  
  27  4:43  SCV  
  27  4:45  Marine x2  
  33  4:54  Orbital Command  
  33  4:56  Viking  
  35  5:03  Marine x2  
  37  5:14  Widow Mine  
  39  5:22  Orbital Command  
  39  5:29  Marine x2  
  41  5:48  Reaper  
  43  5:50  SCV x2  
  44  6:02  SCV  
  45  6:08  Marine  
  46  6:18  Starport Tech Lab, Factory Tech Lab  
  46  6:22  Marine  
  46  6:24  Barracks x2  
  44  6:26  Marine  
  44  6:27  SCV  
  46  6:37  Supply Depot x2  
  46  6:49  Bunker  
  46  6:52  Starport Reactor  
  46  6:58  SCV x2, Siege Tank  
  51  7:10  SCV x2  
  51  7:15  Barracks  
  53  7:16  Barracks  
  53  7:17  Supply Depot  
  53  7:22  SCV x2  
  55  7:23  Marine, Barracks Reactor  
  55  7:24  Marine  
  55  7:29  Engineering Bay  
  57  7:32  Siege Tank, Medivac  
  62  7:39  SCV x2  
  55  7:51  SCV  
Show
View Real Time Build Order
Export as new Build Order

solpl Protoss - Winner!

Build Orders: Oracle Opening 

Get SALT Encoding   

  12  0:01  Probe  
  13  0:13  Probe  
  14  0:20  Pylon  
  14  0:25  Probe  
  15  0:38  Probe (Chrono Boost)  
  15  0:39  Gateway  
  16  0:48  Assimilator, Probe (Chrono Boost)  
  17  0:53  Probe (Chrono Boost)  
  17  0:56  Assimilator  
  19  1:04  Probe (Chrono Boost)  
  19  1:12  Probe (Chrono Boost)  
  19  1:16  Gateway  
  20  1:18  Probe  
  21  1:29  Cybernetics Core  
  21  1:33  Probe  
  22  1:42  Pylon  
  22  1:45  Probe  
  23  2:06  Stalker x2  
  23  2:07  Warp Gate  
  27  2:20  Pylon  
  27  2:36  Stalker x2  
  31  2:40  Stargate  
  31  3:04  Nexus  
  31  3:12  Probe  
  32  3:24  Probe  
  33  3:29  Oracle (Chrono Boost)  
  36  3:36  Probe  
  36  3:37  Pylon  
  35  4:13  Twilight Council  
  35  4:14  Forge  
  35  4:16  Probe (Chrono Boost)  
  36  4:17  Pylon, Gateway  
  36  4:18  Probe (Chrono Boost)  
  37  4:27  Probe (Chrono Boost)  
  37  4:28  Probe (Chrono Boost)  
  39  4:31  Probe (Chrono Boost)  
  40  4:40  Probe  
  40  4:41  Probe  
  40  4:43  Protoss Ground Weapons Level 1 (Chrono Boost)  
  42  4:47  Pylon, Charge (Chrono Boost)  
  42  4:51  Gateway  
  42  4:52  Probe  
  43  4:56  Probe  
  44  5:04  Probe  
  45  5:08  Probe  
  46  5:15  Pylon  
  46  5:16  Probe  
  46  5:20  Probe  
  49  5:28  Probe  
  49  5:31  Assimilator  
  49  5:32  Gateway  
  49  5:33  Gateway  
  49  5:38  Gateway  
  46  5:48  Stalker  
  48  5:50  Stalker  
  50  5:59  Phoenix  
  49  6:32  Probe x2  
  51  6:34  Zealot  
  51  6:35  Zealot x5  
  51  6:36  Zealot  
  65  6:44  Probe  
  66  6:57  Zealot x3, Pylon  
  66  6:58  Zealot x3  
  78  7:12  Pylon  
  78  7:14  Pylon  
  78  7:16  Pylon  
  78  7:19  Zealot x2  
  78  7:20  Sentry  
  78  7:21  Sentry  
  86  7:24  Zealot  
  86  7:26  Sentry  
  78  7:53  Zealot  
  78  7:54  Zealot x5  
  78  7:55  Zealot  
  86  8:06  Assimilator  
Tags
 
Add a new tag
Caveats
  • Supply blocks, unpowered buildings, or Contaminate may cause inaccurate times.
  • Supply counts are checked every 10 seconds.